[Event "*** Titled Tuesday Blitz"]
[Site "Chess.com"]
[Date "2018.09.04"]
[Round "6"]
[White "Mistheoretical"]
[Black "wannabe2700"]
[Result "0-1"]
[WhiteElo "2394"]
[BlackElo "2582"]
[TimeControl "180+2"]
[EndTime "14:55:45 PDT"]
[Termination "wannabe2700 won by checkmate"]

1. d4 Nf6 2. Bg5 c5 3. Nc3 d5 4. Bxf6 exf6 5. e4 dxe4 6. dxc5 Qa5 7. Bb5+ Bd7 8. Bxd7+ Nxd7 9. Qd5 Nxc5 10. O-O-O Rd8 11. Qc4 Rxd1+ 12. Kxd1 Be7 13. Nge2 O-O 14. Ng3 g6 15.
Ngxe4 Nxe4 16. Qxe4 Bb4 17. Nd5 Rd8 18. c4 Qxa2 19.
Kc2 Rc8 20. Ne3 Rc6 21. Rd1 Qa4+ 22. Kb1 Bd6 23. Qe8+ Kg7 24. Rxd6 Rxc4 25. Qxa4 Rxa4 26. Rd7 Rb4 27. Kc2 f5 28. g3 Rb5 29. Rd5 Rb6 30. h4 Kf6 31. Rd7 Ke6 32. Rc7 h5 33. b3 Ra6 34.
Nd1 Rb6 35. Nc3 f4 36. Rc4 fxg3 37. fxg3 f6 38. Ne2 g5 39. Kc3 Rd6 40. Rc5 b6 41. Rc4 Kf5 42. Nd4+ Kg6 43. Nb5 Rd1 44. Nxa7 Rg1 45.
Rc6 Rxg3+ 46. Kb4 gxh4 47. Nc8 h3 48. Ne7+ Kg5 49. Rc1 f5 50. Rh1 f4 51. Nd5 f3 52.
Ne3 f2 53. Nf1 h4 54. Nxg3 hxg3 55. Rxh3 Kg4 56. Rh8 g2 57. Rg8+ Kf3 58. Rf8+ Ke2 59. Re8+ Kd2 60. Rd8+ Kc2 61. Rc8+ Kb2 62. Rf8 f1=Q 63.
Rxf1 gxf1=Q 64. Ka4 Kc3 65. b4 Qa6# 0-1

[Event "*** Titled Tuesday Blitz"]
[Site "Chess.com"]
[Date "2018.09.04"]
[Round "6"]
[White "Karina_Oparina"]
[Black "patrisiii123"]
[Result "1-0"]
[WhiteElo "2194"]
[BlackElo "2279"]
[TimeControl "180+2"]
[EndTime "14:55:45 PDT"]
[Termination "Karina_Oparina won by resignation"]

1. Nf3 c5 2. c4 Nc6 3. d4 cxd4 4. Nxd4 Nf6 5. g3 e5 6. Nb5 Bb4+ 7. N5c3 d6 8. Bg2 Be6 9. b3 Qa5 10. Bd2 d5 11.
cxd5 Nxd5 12. Nxd5 Bxd5 13. O-O Bxg2 14. Bxb4 Qxb4 15. Kxg2 O-O 16. Qd2 Qe4+ 17. f3 Qg6 18. Nc3 Rfd8 19. Qe3 f6 20. Rfd1 Nd4 21. Rac1 Rac8 22.
f4 exf4 23. Qxf4 Ne6 24. Qe3 Ng5 25. h4 Nf7 26. Nd5 Kh8 27. Ne7 Qg4 28. Nxc8 Rxc8 29. Rxc8+ Qxc8 30. Rc1 Qd7 31. Qe4 Ne5 32. Rc2 h6 33. e3 Kg8 34. Qd4 Qe6 35. Qd8+ Kh7 36. Qd4 Qf5 37. Rf2 Qe6 38. Qe4+ Kg8 39. Qxb7 Ng4 40.
e4 Ne3+ 41. Kf3 Ng4 42. Qd5 Ne5+ 43. Kg2 Qxd5 44. exd5 Kf7 45. Rd2 Ke7 46. b4 Kd6 47. Kf2 Nc4 48. Rd4 Nb6 49. Ke2 Nxd5 50. Kd3 Ke5 51.
b5 Nc7 52. a4 Ne6 53. Re4+ Kd5 54. Re1 Nc5+ 55. Ke3 Nxa4 56. Ra1 Nb6 57. Rxa7 Nc4+ 58. Kf3 g5 59. hxg5 hxg5 60. Kg4 Ke4 61. Re7+ Ne5+ 62. Rxe5+ fxe5 63. b6 Kd3 64. b7 e4 65. b8=Q e3 66. Qd6+ Ke2 67. Kxg5 Kf2 68. g4 e2 69. Qe5 e1=Q 70.
Qxe1+ Kxe1 71. Kf6 Kf2 72. g5 Kf3 73. g6 Kf4 1-0

[Event "*** Titled Tuesday Blitz"]
[Site "Chess.com"]
[Date "2018.09.04"]
[Round "6"]
[White "Alexander_Moskalenko"]
[Black "ENEASZ"]
[Result "1-0"]
[WhiteElo "2803"]
[BlackElo "2543"]
[TimeControl "180+2"]
[EndTime "14:55:55 PDT"]
[Termination "Alexander_Moskalenko won by resignation"]

1. e4 d6 2. d4 Nf6 3. Nc3 e5 4. dxe5 dxe5 5. Qxd8+ Kxd8 6. Bc4 Be6 7. Bxe6 fxe6 8. f3 Bb4 9. Bd2 Nc6 10. Nh3 Ke7 11.
Nf2 a6 12. Nd3 Bd6 13. Nd1 Nd4 14. Ne3 h6 15. c3 Nc6 16. h4 b5 17. a4 Rhb8 18. axb5 axb5 19. Ke2 Nh5 20. Ng4 Ng3+ 21. Kf2 Nxh1+ 22. Rxh1 Ra2 23. h5 Na5 24. Rb1 Nc4 25. Ke1 Rba8 26. Bc1 Ra1 27. Rxa1 Rxa1 28. Kd1 Ra8 29. b3 Na5 30. Kc2 Nc6 31. Kb1 Ke8 32. b4 Kf7 33. Be3 Rd8 34. Kc2 Ra8 35. Kb2 Rd8 36. Kc2 Kg8 37. Bc1 Kh7 38. Be3 Ra8 39.
Kb2 Rd8 40. Kc2 Ra8 41. Kb1 Rd8 42. Kb2 Ra8 43. Bd2 Rd8 44. Be1 g6 45. Bh4 Ra8 46. hxg6+ Kxg6 47. Bg3 h5 48. Ngxe5+ Nxe5 49. Bxe5 h4 50. Bd4 Rg8 51. e5 Kf5 52. exd6 Rxg2+ 53. Nf2 cxd6 54. Kb3 Kf4 55. c4 bxc4+ 56. Kxc4 Kxf3 57. b5 e5 58. Ba7 Rxf2 59. Bxf2 Kxf2 60. b6 h3 61. b7 h2 62. b8=Q h1=Q 63. Qxd6 e4 64. Qd2+ Kf3 65. Qc3+ e3 66. Qf6+ Ke2 67. Qb2+ Kf3 68.
Qb7+ Kf2 69. Qxh1 e2 70. Qh4+ Kf1 71. Qf4+ Kg2 72. Qe3 Kf1 73. Qf3+ Ke1 74. Kd3 1-0

[Event "*** Titled Tuesday Blitz"]
[Site "Chess.com"]
[Date "2018.09.04"]
[Round "6"]
[White "TrimitziosP7"]
[Black "Blitzstream"]
[Result "0-1"]
[WhiteElo "2642"]
[BlackElo "2595"]
[TimeControl "180+2"]
[EndTime "14:55:56 PDT"]
[Termination "Blitzstream won by checkmate"]

1. Nf3 b6 2. c4 Bb7 3. Nc3 g6 4. d4 Bg7 5. e4 e6 6. Bd3 Ne7 7. Qe2 d6 8. O-O Nd7 9. Rd1 h6 10. Be3 a6 11. Ne1 e5 12. d5 O-O 13. Bc2 f5 14. f3 f4 15. Bf2 g5 16. Nd3 Nf6 17. b4 Bc8 18. h3 h5 19. c5 g4 20.
hxg4 hxg4 21. Kf1 bxc5 22. bxc5 Qe8 23. cxd6 cxd6 24. Ke1 Bd7 25. Kd2 Rc8 26. Bb3 Bb5 27. Rdc1 Qd7 28. a4 Bxd3 29. Qxd3 gxf3 30. gxf3 Rb8 31. Rab1 Qh3 32. Qe2 Rb4 33. Bc4 Rfb8 34. Rxb4 Rxb4 35. Bxa6 Ng6 36. Rb1 Rxb1 37. Nxb1 Nh5 38.
Be1 Ng3 39. Qf2 Bf6 40. Kc2 Nh4 41. Nd2 Ng2 42. Bb5 Qh1 43. Kd1 Bh4 44. Nf1 Nxe4 45.
Qe2 Nc5 46. Bxh4 Nxh4 47. a5 Nxf3 48. a6 Nd4 49. Qc4 Qe4 50. Nd2 Qh1+ 51. Qf1 Qh5+ 52. Kc1 Qf5 53. Qg1+ Kf8 54. Kd1 Qc2+ 55. Ke1 Qc1+ 56.
Kf2 Qxd2+ 57. Kf1 Qc1+ 58. Kg2 Qb2+ 59. Kh3 Qxb5 60. a7 Qb7 61. Qa1 Qh7+ 62. Kg2 f3+ 63. Kf2 Qh2+ 64. Ke3 Qe2# 0-1

[Event "*** Titled Tuesday Blitz"]
[Site "Chess.com"]
[Date "2018.09.04"]
[Round "6"]
[White "martinmartinez95"]
[Black "NateSolon"]
[Result "1-0"]
[WhiteElo "2440"]
[BlackElo "2500"]
[TimeControl "180+2"]
[EndTime "14:56:19 PDT"]
[Termination "martinmartinez95 won by checkmate"]

1. e4 e5 2. Nf3 d6 3. d4 exd4 4. Nxd4 Nf6 5. Nc3 Be7 6. Be2 O-O 7. O-O Re8 8. Be3 Bf8 9. Qd3 Nbd7 10. Nb3 Ne5 11. Qd2 Neg4 12. Bg5 h6 13. Bxg4 hxg5 14. Bxc8 Rxc8 15. Qxg5 Nxe4 16. Nxe4 Rxe4 17. Qd5 Re2 18. Nd4 c6 19. Qb3 Rd2 20. Nf3 Re2 21. Rfe1 Rxe1+ 22. Rxe1 Qb6 23. Qxb6 axb6 24. a4 f6 25. b3 Kf7 26. g4 d5 27. h4 Re8 28. Rxe8 Kxe8 29. h5 Bd6 30. Kg2 Kf7 31. Nh4 Bf4 32.
Ng6 Bd6 33. f4 Ke6 34. Kf3 Kf7 35. f5 Ke8 36. Ke2 Kd7 37. Kd3 c5 38. c4 d4 39.
Nh4 Kc6 40. Ke4 Kd7 41. Nf3 Kc6 42. Ne1 Bg3 43. Nd3 Kd6 44. Kf3 Bh4 45. Kf4 Bg5+ 46. Ke4 Bh6 47. Ne1 Bg5 48. Nf3 Bc1 49. Nh4 Bg5 50.
Ng6 Bc1 51. Nf8 Bd2 52. Ne6 Bh6 53. Kd3 Kc6 54. Ke4 Kd6 55. Nd8 Kc7 56. Nf7 Bc1 57. Nh8 Bh6 58. Ng6 Kd6 59. Nh4 Bg5 60. Nf3 Bc1 61. g5 fxg5 62. f6 Ke6 63. fxg7 Kf7 64.
h6 Kg8 65. Kf5 g4 66. Ng5 g3 67. Kg6 Bxg5 68. h7# 1-0

[Event "*** Titled Tuesday Blitz"]
[Site "Chess.com"]
[Date "2018.09.04"]
[Round "6"]
[White "Kurai"]
[Black "Fighter008"]
[Result "0-1"]
[WhiteElo "2449"]
[BlackElo "2457"]
[TimeControl "180+2"]
[EndTime "14:56:22 PDT"]
[Termination "Fighter008 won by resignation"]

1. e4 c5 2. Nf3 d6 3. d4 cxd4 4. Nxd4 Nf6 5. Nc3 a6 6. Be2 e5 7. Nb3 Be7 8. O-O O-O 9. a4 Be6 10. Bf3 Nc6 11. Be3 Rc8 12. Qd2 Nb4 13. Rfd1 h6 14.
a5 Qd7 15. Nc1 Rfd8 16. Bb6 Re8 17. N1e2 Nh7 18. Ra4 Nc6 19. Ng3 Ng5 20. Be2 Bd8 21. Nd5 Bxd5 22. exd5 Bxb6 23. axb6 Nd4 24. Rc4 Rxc4 25.
Bxc4 Ngf3+ 26. gxf3 Nxf3+ 27. Kg2 Nxd2 28. Rxd2 Rc8 29. Bd3 g6 30. h4 Kg7 31. h5 Qd8 32. Kf1 Qxb6 33. b3 Qd4 34. Re2 Qa1+ 35. Kg2 Rc5 36. Re4 Rxd5 37. Rg4 Rxd3 38. cxd3 d5 39. hxg6 fxg6 40. Nf5+ Kf6 41. Ne3 Qa5 42. Ra4 Qb5 43.
Rb4 Qc6 44. Rb6 Ke6 45. Rxc6+ bxc6 46. Kf3 h5 47. Nc2 Kd6 48. Ke3 a5 49. f4 exf4+ 50.
Kxf4 Kc5 51. Kg5 Kb5 52. Kf4 c5 53. Kg5 d4 54. Kh4 a4 55. bxa4+ Kxa4 56. Kg5 Kb3 57. Ne1 Kc3 58. Kf4 Kd2 59. Nf3+ Kxd3 60. Ne5+ Kd2 61. Nxg6 c4 62. Ke4 d3 63. Nf4 h4 64. Kd4 c3 65.
Nxd3 c2 66. Ke4 h3 67. Nc5 h2 68. Nb3+ Kd1 0-1

[Event "*** Titled Tuesday Blitz"]
[Site "Chess.com"]
[Date "2018.09.04"]
[Round "6"]
[White "BlackBoarder"]
[Black "Thjop"]
[Result "1/2-1/2"]
[WhiteElo "2443"]
[BlackElo "2537"]
[TimeControl "180+2"]
[EndTime "14:56:54 PDT"]
[Termination "Game drawn - insufficient material"]

1. e4 e6 2. d4 d5 3. Bd3 dxe4 4. Bxe4 Nf6 5. Bf3 c5 6. Ne2 Nc6 7. Be3 e5 8. Bxc6+ bxc6 9. dxe5 Qxd1+ 10. Kxd1 Ng4 11.
Nbc3 Nxe3+ 12. fxe3 Be7 13. Ke1 Bf5 14. e4 Be6 15. Rd1 h5 16. Rf1 h4 17. Nf4 Rb8 18. Nxe6 fxe6 19. b3 Rh5 20. Ke2 Rxe5 21. Rf4 Bf6 22.
Na4 Rb4 23. Kf3 Be7 24. Nb2 Rd4 25. Rxd4 cxd4 26. Nc4 Rh5 27. h3 g5 28. Rg4 Rh8 29. Ke2 Rf8 30. Ne5 c5 31. Nf3 Rf4 32. Rxf4 gxf4 33.
Kd3 Kd7 34. Kc4 Kc6 35. Ne5+ Kd6 36. Nd3 Bf8 37. Nxf4 Be7 38. Nd3 Bg5 39. Nxc5 Ke5 40. a4 Bd8 41. Kd3 a5 42. Nd7+ Kf4 43. Ke2 Kg3 44. Kf1 Kf4 45. Nc5 Be7 46. Nd3+ Kxe4 47. Ke2 e5 48. Nf2+ Kf4 49. Nd3+ Kg3 50. Kf1 e4 51. Nf2 Kf4 52. Ke2 Bb4 53. Ng4 Be7 54.
Nh6 Bf6 55. Ng4 Bg7 56. Kf2 Bf8 57. Nf6 Bc5 58. Nd5+ Ke5 59. Nc7 d3+ 60. Ke1 dxc2 61. Kd2 Kf4 62. Kxc2 Kg3 63. Ne6 Bd6 64. Ng5 Kxg2 65.
Nxe4 Bb4 66. Ng5 Kg3 67. Kd3 Be7 68. Ne4+ Kxh3 69. Ke2 Kg4 70. Kf2 Kf4 71. Nd2 Ke5 72. Nc4+ Kd4 73. Nxa5 Kc3 74. Kg2 Bd8 75. Nc6 Kxb3 76.
Nxd8 Kxa4 77. Kh3 Kb5 78. Ne6 Kc6 79. Ng5 Kd6 80. Nf3 Ke6 81. Nh2 Kf5 82. Kxh4 1/2-1/2

[Event "*** Titled Tuesday Blitz"]
[Site "Chess.com"]
[Date "2018.09.04"]
[Round "6"]
[White "Nowaybacksasha"]
[Black "Fins0905"]
[Result "1-0"]
[WhiteElo "2814"]
[BlackElo "2605"]
[TimeControl "180+2"]
[EndTime "14:57:16 PDT"]
[Termination "Nowaybacksasha won on time"]

1. d4 d5 2. c4 c6 3. Nf3 Nf6 4. Nc3 dxc4 5. e4 b5 6. Be2 Bg4 7. e5 Nd5 8. h3 Bxf3 9. Bxf3 e6 10. O-O Be7 11. a4 b4 12. Ne4 Nd7 13. Qc2 O-O 14. Qxc4 Rc8 15. a5 c5 16. Nd6 Bxd6 17. exd6 cxd4 18. Qxd4 Nc5 19. Bxd5 Qxd6 20. Be3 Qxd5 21. Qxd5 exd5 22. Rfd1 Rfd8 23. Rac1 Na4 24. Rxc8 Rxc8 25. Rxd5 Nxb2 26. Bxa7 Nc4 27. Rb5 b3 28. Bd4 f6 29. a6 Ra8 30. a7 b2 31. Rb8+ Kf7 32.
Kh2 g5 33. Rxa8 b1=Q 34. Rb8 Qe4 35. a8=Q Qf4+ 36. Kg1 Qc1+ 37. Kh2 Qf4+ 38. g3 Qxd4 39. Rb7+ Kg6 40. Qg8+ Kf5 41. Qxh7+ Ke5 42. Re7+ Kd5 43. Qf7+ Kc5 44. Rc7+ Kb4 45. Rxc4+ Qxc4 46. Qxf6 Qe2 47. Kg2 Qe4+ 48. Qf3 Qe7 49. Qg4+ Kc3 50. h4 gxh4 51. Qxh4 Qb7+ 52. Kh2 Kd2 53. Qf4+ Ke2 54. g4 Kf1 55. Kg3 Qg2+ 56. Kh4 Qh1+ 57. Kg5 Qd5+ 58. Qf5 Qd8+ 59. Kg6 Qd6+ 60. Qf6 Qd3+ 61. Kh6 Qh3+ 62. Kg5 Qd3 63. f4 Kg2 64. Kh6 Qh3+ 65. Kg6 Qd3+ 66. f5 Kg3 67. g5 Kg4 68. Qe6 Qc2 69. Qd5 Qb1 70. Qd4+ Kg3 71. Kf6 Qc2 72. g6 Qc6+ 73.
Kg7 Qc7+ 74. Kh8 Qc8+ 75. Kh7 Qxf5 76. Kh6 Qh3+ 77. Kg5 Qe6 78. Qd3+ Kg2 79. g7 Qe5+ 80. Kh6 Qe6+ 81. Qg6+ 1-0

[Event "*** Titled Tuesday Blitz"]
[Site "Chess.com"]
[Date "2018.09.04"]
[Round "6"]
[White "tteshan"]
[Black "Abdodi"]
[Result "1-0"]
[WhiteElo "2065"]
[BlackElo "2249"]
[TimeControl "180+2"]
[EndTime "14:57:21 PDT"]
[Termination "tteshan won by resignation"]

1. d4 f5 2. c4 Nf6 3. g3 e6 4.
Bg2 Be7 5. Nf3 O-O 6. O-O d5 7.
b3 b6 8. Ba3 Bxa3 9. Nxa3 Bb7 10. Ne5 Nbd7 11. Nd3 Qc8 12. Nf4 Re8 13. Rc1 a6 14.
cxd5 Nxd5 15. Nxd5 Bxd5 16. f3 Qd8 17. e4 fxe4 18.
fxe4 Bb7 19. Nc4 Nf6 20. Re1 Qe7 21. Ne5 Rad8 22. Nc6 Bxc6 23. Rxc6 Qd7 24. e5 Nd5 25.
Bxd5 Qxd5 26. Rxc7 Qxd4+ 27. Qxd4 Rxd4 28. Rf1 Rf8 29. Rxf8+ Kxf8 30. Rc6 Rd1+ 31. Kg2 Rd2+ 32. Kh3 Kf7 33. a4 b5 34. Rxa6 bxa4 35. bxa4 Rd5 36. Ra7+ Kg6 37. a5 Rxe5 38. Kg4 Rf5 39. h4 h5+ 40.
Kh3 Kf6 41. a6 Ra5 42. Kg2 Ra3 43. Kf2 g6 44. Ra8 Kf5 45. Rf8+ Ke5 46. Ra8 Kf5 47.
Rf8+ Kg4 48. Rg8 Ra2+ 49. Ke3 Rxa6 50. Rxg6+ Kh3 51. Rg5 Ra3+ 52. Kf4 Ra4+ 53. Ke5 Ra5+ 54. Kxe6 Ra6+ 55. Kf5 Ra8 56. Kg6 Rh8 57. Kf5 Rf8+ 58.
Kg6 Rh8 59. Kg7 Ra8 60. Rg6 Ra5 61. Kh6 Ra8 62. Kxh5 Rh8+ 63. Kg5 Kxg3 64. h5 Kf3 65. h6 Ke4 66. Kf6 Ra8 67. h7 Ra6+ 68. Kg7 Ra7+ 69. Kh6 Ra8 70. Rg8 Ra6+ 71. Kg5 Ra5+ 72. Kg4 Ra1 73. Re8+ Kd3 74. h8=Q Rg1+ 75. Kf5 Rf1+ 76.
Ke6 Kd2 77. Qd4+ Ke2 78. Kd5+ Kf3 79. Qf6+ 1-0

[Event "*** Titled Tuesday Blitz"]
[Site "Chess.com"]
[Date "2018.09.04"]
[Round "6"]
[White "Barcelona_Guy"]
[Black "MITerryble"]
[Result "0-1"]
[WhiteElo "2539"]
[BlackElo "2753"]
[TimeControl "180+2"]
[EndTime "14:58:24 PDT"]
[Termination "MITerryble won by checkmate"]

1. d4 Nf6 2. c4 e6 3. Nf3 Bb4+ 4. Bd2 c5 5. Bxb4 cxb4 6. Nbd2 O-O 7. e3 d6 8. Bd3 Nc6 9. Qc2 e5 10. O-O Re8 11.
d5 Nb8 12. a3 Na6 13. e4 bxa3 14. Rxa3 Nb4 15. Qc3 Qb6 16. h3 a5 17. Rfa1 Qc7 18. c5 Nxd3 19. Qxd3 Qxc5 20. Rc3 Qb4 21. Rb3 Qc5 22. Rb5 Qc7 23. Nc4 Nd7 24. Rbxa5 Rxa5 25. Nxa5 g6 26. b4 Nb6 27. Qd2 Kg7 28. Rc1 Qe7 29.
Qe3 Qd8 30. Qc3 Re7 31. Nd2 h6 32. Ndc4 Rc7 33. Qd2 Nxc4 34. Nxc4 f5 35. exf5 Bxf5 36. Ne3 Qc8 37. Rxc7+ Qxc7 38. h4 Bd7 39. Kh2 Qd8 40.
g3 Qf6 41. Kg1 Qd8 42. Qc3 Kf7 43. Nc4 Bb5 44. Qf3+ Kg7 45. Na5 b6 46. Nc6 Qf6 47. Qe3 Bc4 48. Qxb6 Bxd5 49. Qc7+ Kh8 50. Qc8+ Kg7 51.
Qc7+ Kh8 52. Qc8+ Kh7 53. Qd7+ Kh8 54. Qe8+ Kg7 55. Qd7+ Kf8 56. Qc8+ Kf7 57. Qc7+ Kg8 58. Qc8+ Kg7 59. Qd7+ Kh8 60. Qc8+ Bg8 61. Qd7 e4 62. Ne7 Bf7 63. Nc8 e3 64. fxe3 Qf3 65. Nxd6 Qxg3+ 66. Kf1 Qf3+ 67. Ke1 Qxe3+ 68. Kf1 Qf4+ 69.
Kg1 Qg3+ 70. Kf1 Qf3+ 71. Kg1 Qe3+ 72. Kf1 Qd3+ 73. Kg1 Qd4+ 74. Kh2 Qf2+ 75. Kh3 Qf3+ 76. Kh2 Qf4+ 77. Kg1 Bg8 78. Qe7 Qg3+ 79. Kf1 Qf4+ 80. Kg1 Qd4+ 81. Kf1 Qa1+ 82. Kf2 Qb2+ 83. Kg1 Qc1+ 84.
Kf2 Qd2+ 85. Kg1 Qd4+ 86. Kh2 Qf4+ 87. Kg1 g5 88. hxg5 hxg5 89. Qd7 Qe3+ 90. Kh2 Qf2+ 91. Kh3 Qh4+ 92. Kg2 Bd5+ 93. Kg1 Qe1+ 94. Kh2 Qf2+ 95. Kh3 Qg2# 0-1

[Event "*** Titled Tuesday Blitz"]
[Site "Chess.com"]
[Date "2018.09.04"]
[Round "6"]
[White "SARGISMV"]
[Black "Fighterman91"]
[Result "0-1"]
[WhiteElo "2485"]
[BlackElo "2492"]
[TimeControl "180+2"]
[EndTime "14:59:56 PDT"]
[Termination "Fighterman91 won by checkmate"]

1. Nf3 Nf6 2. c4 g6 3. Nc3 d5 4.
cxd5 Nxd5 5. Qa4+ Nc6 6. g3 Bg7 7. Bg2 Nb6 8. Qh4 h6 9. d3 e5 10.
Qxd8+ Nxd8 11. O-O O-O 12. Be3 Ne6 13. Rfc1 Bd7 14. Nd2 c6 15. a4 Nc7 16. Bc5 Rfe8 17. Bd6 Rac8 18. Bc5 Ne6 19. Be3 Nd4 20. a5 Nd5 21.
Bxd4 exd4 22. Nxd5 cxd5 23. Kf1 Bg4 24. Bf3 Be6 25. Nb3 b6 26. axb6 axb6 27. Ke1 Kf8 28. Kd1 Rxc1+ 29. Nxc1 Rc8 30. Ra6 Rb8 31. Na2 Ke7 32. Nb4 Kd6 33. Ra7 Bf8 34. Nc2 Ke5 35. Bg2 g5 36. Ne1 Bb4 37. Nf3+ Kf6 38. Nxd4 Bc5 39. e3 Rc8 40. Rb7 Ra8 41. Nc2 Ra2 42. Kc1 Ra6 43. d4 Bd6 44. Bf3 Bc8 45. Bxd5 Bxb7 46. Bxb7 Ra7 47. Bd5 Ke7 48. Kd2 f5 49.
Kd3 Rc7 50. f4 gxf4 51. exf4 Kf6 52. Ne3 Rc1 53. Bb7 Rb1 54. Kc2 Re1 55. Kd3 Rb1 56.
Kc2 Re1 57. Kd3 Rb1 58. Kc2 Re1 59. Kd3 Rb1 60. Bc8 Rxb2 61. Nc4 Rb3+ 62. Kc2 Rb4 63.
Nxd6 Rxd4 64. Nxf5 Rc4+ 65. Kd3 Rxc8 66. g4 b5 67. Nd4 b4 68. h4 Rc3+ 69. Kd2 Rc4 70. g5+ hxg5 71. hxg5+ Kg6 72. Kd3 Rc3+ 73. Kd2 Rh3 74.
Kc2 Rc3+ 75. Kb2 Rc4 76. Nc2 Rxf4 77. Kb3 Kxg5 78. Nxb4 Kf5 79. Kc3 Ke4 80. Kc4 Rf8 81.
Kb5 Kd4 82. Nc6+ Kd5 83. Nb4+ Kd6 84. Kc4 Rf4+ 85. Kb5 Rh4 86. Nd3 Rg4 87. Nb4 Rd4 88.
Nc2 Rd1 89. Nb4 Rc1 90. Nd3 Rc3 91. Nb4 Rc5+ 92. Ka4 Rc4 93. Kb5 Rc8 94. Nd3 Kd5 95. Nb4+ Kd4 96. Nc6+ Ke4 97. Nb4 Rc7 98. Nc6 Kd5 99.
Nb4+ Kd6 100. Kb6 Rc5 101. Na6 Rc1 102. Nb4 Ke5 103. Kb5 Kd4 104. Nc6+ Kd5 105. Nb4+ Kd6 106. Kb6 Rc5 107. Na6 Rh5 108. Nc7 Rh6 109. Nb5+ Kd5+ 110. Kb7 Kc5 111. Nc7 Rh7 112. Kc8 Kc6 113. Ne6 Rh8+ 114. Nd8+ Kd6 115. Kb7 Rxd8 116. Ka7 Kc6 117. Ka6 Ra8# 0-1

[Event "*** Titled Tuesday Blitz"]
[Site "Chess.com"]
[Date "2018.09.04"]
[Round "6"]
[White "Orest_Vovk"]
[Black "champ2005"]
[Result "1/2-1/2"]
[WhiteElo "2432"]
[BlackElo "2731"]
[TimeControl "180+2"]
[EndTime "15:00:41 PDT"]
[Termination "Game drawn - insufficient material"]

1. g4 d5 2. h3 e5 3. Bg2 Nc6 4. c4 d4 5. Bxc6+ bxc6 6. Qa4 Bd7 7. d3 c5 8. Qa6 Bd6 9. Nf3 Ne7 10. Nbd2 O-O 11. Ne4 Bc6 12. Nfd2 Qd7 13. b3 Ng6 14. Ba3 Nf4 15. Rh2 f5 16. Nxc5 Bxc5 17. Bxc5 Rf7 18.
gxf5 Rxf5 19. f3 Rf6 20. Qa5 Nxh3 21. O-O-O Nf4 22. Rdh1 h6 23. Kc2 Rg6 24. Ba3 Re8 25. Bc1 a6 26. Nf1 Nxe2 27. Rxe2 Bxf3 28. Rhh2 Bxe2 29.
Rxe2 e4 30. Rxe4 Rxe4 31. dxe4 Rg1 32. Nd2 d3+ 33. Kb1 Qd4 34. Nf3 d2 35. Nxd2 Qd3+ 36. Kb2 Rg2 37. Qd5+ Qxd5 38. cxd5 h5 39. Kc3 h4 40.
Nc4 h3 41. Bf4 h2 42. Bxh2 Rxh2 43. a4 Kf7 44. b4 g5 45. b5 axb5 46. axb5 Ke7 47.
Ne5 Rg2 48. Kd4 g4 49. Nc6+ Ke8 50. Ke3 g3 51. Kf3 Rg1 52. Nd4 Kd7 53. Ne2 Rb1 54. Nxg3 Rxb5 55. Kf4 Rb1 56. Nf5 Rf1+ 57. Ke5 Kc8 58. Kf6 Kd7 59. e5 Re1 60. e6+ Ke8 61. Ng7+ Kf8 62. Nf5 Rf1 63. Ke5 Ke8 64. Nd4 Re1+ 65.
Kf6 Rf1+ 66. Nf5 Kf8 67. Ke5 Rf2 68. Nd4 Kg7 69. Nb5 Rc2 70. Na7 Kf8 71. Nc6 Ke8 72.
Kd4 Rd2+ 73. Kc4 Re2 74. Kd3 Re1 75. Kd4 Kf8 76. Kc5 Rc1+ 77. Kb5 Kg7 78. Nd8 Kf6 79. Nc6 Rc2 80. Ka6 Rc5 81. Nb4 Ke7 82. Nc6+ Kd6 83. e7 Kd7 84. Kb7 Rxd5 85. e8=Q+ Kxe8 86.
Kxc7 Rd7+ 87. Kb6 Rd1 88. Kc5 Kd7 89. Ne5+ Ke6 90. Nc6 Rc1+ 91. Kb5 Kd6 92. Nd4 Kd5 93. Nb3 Rc4 94. Na5 Rh4 95. Nb3 Ke4 96. Kc4 Ke3+ 97.
Kc3 Rh1 98. Kc4 Rh8 99. Kd5 Rd8+ 100. Kc4 Rc8+ 101. Kd5 Kd3 102. Nc5+ Kc3 103. Ne4+ Kb4 104. Nd6 Rc1 105. Ne4 Rd1+ 106. Ke5 Kc4 107. Nd6+ Kc5 108. Ne4+ Kc6 109. Nf2 Rd8 110. Ne4 Rd5+ 111. Ke6 Ra5 112. Nf6 Kc5 113. Ne4+ Kd4 114. Nd6 Re5+ 115. Kf6 Kd5 116. Nf7 Re1 117. Ng5 Rf1+ 118. Kg6 Ke5 119. Nf7+ Ke6 120. Ng5+ Ke7 121. Ne4 Rf4 122. Ng5 Rf6+ 123. Kh5 Rf8 124. Kg4 Kd6 125. Nf3 Kd5 126. Ng5 Ke5 127. Nf3+ Ke4 128. Ng5+ Ke3 129. Ne6 Rf7 130. Ng5 Rf6 131. Nh7 Rf1 132. Ng5 Kd4 133. Nf3+ Ke4 134. Nd2+ Ke3 135. Nxf1+ 1/2-1/2

[Event "*** Titled Tuesday Blitz"]
[Site "Chess.com"]
[Date "2018.09.04"]
[Round "7"]
[White "lucasmito"]
[Black "TST2014"]
[Result "0-1"]
[WhiteElo "2348"]
[BlackElo "2501"]
[TimeControl "180+2"]
[EndTime "15:03:02 PDT"]
[Termination "TST2014 won by checkmate"]

1. e4 c5 2. Nf3 Nc6 3. d4 cxd4 4. Nxd4 Nf6 5. Nc3 d6 6. Be3 e5 7.
Nb3 Be7 8. f3 O-O 9. Qd2 a5 10.
Bb5 Be6 11. O-O-O Na7 12. a4 Nxb5 13. Nxb5 d5 14. exd5 Nxd5 15. Kb1 Nb4 16. Qf2 Qc8 17. Bb6 Bf5 18. Rd2 Bg5 19. Re2 Qc4 20. Bxa5 Qxb3 21. g4 Qa2# 0-1

[Event "*** Titled Tuesday Blitz"]
[Site "Chess.com"]
[Date "2018.09.04"]
[Round "7"]
[White "akretchetov"]
[Black "Quiet_Desperation"]
[Result "1-0"]
[WhiteElo "2233"]
[BlackElo "1897"]
[TimeControl "180+2"]
[EndTime "15:03:42 PDT"]
[Termination "akretchetov won by resignation"]

1. Nf3 d5 2. d4 Nf6 3. c4 e6 4. Nc3 c6 5. g3 Be7 6. Bg2 O-O 7. O-O b6 8. Ne5 Bb7 9. e4 dxe4 10. Nxe4 Nbd7 11. Nxf6+ Bxf6 12. Nxc6 Qc7 13. d5 exd5 14. cxd5 Ne5 15. Bf4 Rfd8 16. Nxd8 Rxd8 17. Qe2 g5 18. d6 Qc5 19. Bxe5 Bxg2 20. Bxf6 Bxf1 21. Rxf1 1-0

[Event "*** Titled Tuesday Blitz"]
[Site "Chess.com"]
[Date "2018.09.04"]
[Round "7"]
[White "HanSchut"]
[Black "ozates"]
[Result "0-1"]
[WhiteElo "2213"]
[BlackElo "2383"]
[TimeControl "180+2"]
[EndTime "15:03:53 PDT"]
[Termination "ozates won by resignation"]

1. e4 d6 2. d4 Nf6 3. Nc3 e5 4. f4 exd4 5. Qxd4 Nc6 6. Qd3 d5 7. e5 Nb4 8. Qd2 Bf5 9. Bd3 Ne4 10. Bxe4 dxe4 11. a3 Qxd2+ 12. Kxd2 O-O-O+ 13. Ke2 Nxc2 14. Rb1 e3 15. Nf3 Bd3+ 0-1

[Event "*** Titled Tuesday Blitz"]
[Site "Chess.com"]
[Date "2018.09.04"]
[Round "7"]
[White "Genghis_K"]
[Black "NikolaGry"]
[Result "1-0"]
[WhiteElo "2854"]
[BlackElo "2606"]
[TimeControl "180+2"]
[EndTime "15:05:56 PDT"]
[Termination "Genghis_K won by resignation"]

1. e4 d5 2. exd5 Nf6 3. d4 Nxd5 4. Nf3 g6 5. c4 Nb6 6. a4 Bg7 7. a5 N6d7 8. Nc3 O-O 9. h4 e5 10. d5 e4 11. Ng5 Nc5 12. h5 Re8 13. Be3 Nbd7 14. hxg6 hxg6 15. Qg4 Ne5 16. Qh4 Ncd3+ 17. Bxd3 exd3 18. Qh7+ Kf8 19. Bc5+ Re7 20. Qh8+ Bxh8 21. Rxh8+ Kg7 22. Rxd8 Nf3+ 23. Kf1 Nd2+ 24. Kg1 1-0

[Event "*** Titled Tuesday Blitz"]
[Site "Chess.com"]
[Date "2018.09.04"]
[Round "7"]
[White "Elshan1985"]
[Black "KhalilMousavi77"]
[Result "0-1"]
[WhiteElo "2725"]
[BlackElo "2770"]
[TimeControl "180+2"]
[EndTime "15:06:14 PDT"]
[Termination "KhalilMousavi77 won by resignation"]

1. Nf3 Nf6 2. c4 g6 3. Nc3 d5 4. cxd5 Nxd5 5. Qb3 Nb6 6. d4 Bg7 7. e4 O-O 8. Be3 Bg4 9. Ne5 Be6 10. Qa3 Qd6 11.
Qxd6 cxd6 12. Nf3 d5 13. e5 Nc6 14. b3 Rac8 15. Kd2 f6 16. exf6 exf6 17. Bb5 Kf7 18. Rac1 Rfe8 19. Na4 Nxa4 20. Bxa4 Bf8 21. Bxc6 bxc6 22.
Kc2 Ba3 23. Rcd1 Bf5+ 24. Kd2 Bb4+ 25. Ke2 a5 26. Rc1 a4 27. Nd2 c5 28. bxa4 cxd4 29. Rxc8 Bxc8 30. Rb1 dxe3 31. Rxb4 Ba6+ 32. Kd1 exd2 33.
Kxd2 0-1

[Event "*** Titled Tuesday Blitz"]
[Site "Chess.com"]
[Date "2018.09.04"]
[Round "7"]
[White "PaulfromSPb"]
[Black "Squirlolz"]
[Result "0-1"]
[WhiteElo "2617"]
[BlackElo "2507"]
[TimeControl "180+2"]
[EndTime "15:06:19 PDT"]
[Termination "Squirlolz won by resignation"]

1. e4 c6 2. d4 d5 3. Nd2 dxe4 4. Nxe4 Nf6 5. Nxf6+ exf6 6. c3 Bd6 7. Bd3 O-O 8.
h3 Re8+ 9. Ne2 Na6 10. Qc2 g6 11. O-O Nc7 12. Ng3 f5 13. Bd2 a5 14. Rae1 Be6 15. c4 Bf8 16. Ne2 Rc8 17. Bxa5 Ra8 18. Qd2 Qb8 19.
a3 b5 20. cxb5 Nxb5 21. Qc2 Rxa5 22. Qxc6 Rc8 23. Bxb5 Rxc6 24. Bxc6 Qxb2 25. Nf4 Bc4 26. Rb1 Qxd4 0-1

[Event "*** Titled Tuesday Blitz"]
[Site "Chess.com"]
[Date "2018.09.04"]
[Round "7"]
[White "Marcus_Harvey"]
[Black "Fighter008"]
[Result "1-0"]
[WhiteElo "2691"]
[BlackElo "2451"]
[TimeControl "180+2"]
[EndTime "15:06:26 PDT"]
[Termination "Marcus_Harvey won by checkmate"]

1. Nf3 Nf6 2. b3 g6 3. Bb2 Bg7 4. e3 O-O 5. Be2 d6 6. O-O e5 7. d4 Nbd7 8. c4 Nh5 9. dxe5 dxe5 10. Qc2 f5 11. c5 c6 12. Rd1 Qe7 13. b4 Kh8 14.
Nbd2 e4 15. Bxg7+ Nxg7 16. Nd4 Nf6 17. Nc4 Be6 18. Nxe6 Nxe6 19. Qb2 Kg8 20. Nd6 f4 21. Bc4 fxe3 22. fxe3 Kg7 23. Rf1 b5 24. Bb3 Nc7 25. Rf4 Kh6 26. Raf1 Nfd5 27. Rf7 Qg5 28. Qg7+ Kh5 29.
Qxh7+ Kg4 30. Qh3# 1-0